 Dungeon Crawl Stone Soup version 0.30-a0-553-g7fabdf1491 (webtiles) character file.

Game seed: 5038831455398678410

58605 drugrobin the Black Belt (level 14, -7/126 HPs)
             Began as a Demigod Delver on Dec 26, 2022.
             Mangled by a white ugly thing (48 damage)
             ... on level 13 of the Dungeon on Dec 27, 2022.
             The game lasted 01:38:43 (28774 turns).

drugrobin the Black Belt (Demigod Delver)          Turns: 28774, Time: 01:38:44

Health: -7/126     AC: 11    Str: 19    XL:     14   Next: 15%
Magic:  19/24      EV: 19    Int: 24    God:
Gold:   1366       SH:  0    Dex: 15    Spells: 3/21 levels left

rFire   + + .      SeeInvis .      - Unarmed
rCold   x . .      Faith    .    (no shield)
rNeg    . . .      Spirit   .    i - +3 leather armour {rPois}
rPois   +          Reflect  .    F - +0 helmet
rElec   .          Harm     .    x - +1 cloak {rCorr}
rCorr   +          Rampage  .    t - +0 pair of gloves
Will    +....                    s - +0 pair of boots
Stlth   +++                      o - amulet of regeneration
HPRegen 1.21/turn                v - ring "Jiwkin" {rF+ EV+4 Str+2 Int+4 Dex-4}
MPRegen 0.19/turn                B - ring of fire

@: very slightly contaminated
A: high MP 1, forlorn, divine attributes
a: no special abilities


You were on level 13 of the Dungeon.
You visited 3 branches of the dungeon, and saw 21 of its levels.
You also visited: Sewer, Ossuary and Ice Cave.

You collected 2843 gold pieces.
You spent 1477 gold pieces at shops.

Inventory:

Missiles
 m - 15 boomerangs (quivered)
 w - 17 poisoned darts
 U - a curare-tipped dart
 W - 2 throwing nets
Armour
 i - a +3 leather armour of poison resistance (worn)
 k - a +2 robe of willpower
 s - a +0 pair of boots (worn)
 t - a +0 pair of gloves (worn)
 x - a +1 cloak of preservation (worn)
 y - a +2 scale mail of fire resistance
 F - a +0 helmet (worn)
 N - +0 ice dragon scales
Jewellery
 h - a ring of wizardry
 o - an amulet of regeneration (around neck)
 r - a ring of see invisible
 v - the ring "Jiwkin" (left hand) {rF+ EV+4 Str+2 Int+4 Dex-4}
   (You bought it in a shop on level 2 of the Orcish Mines)

   [ring of evasion]

   EV:        It affects your evasion (+4).
   Str:       It affects your strength (+2).
   Int:       It affects your intelligence (+4).
   Dex:       It affects your dexterity (-4).
   rF:        It protects you from fire.
 A - a ring of protection from cold
 B - a ring of fire (right hand)
 E - a ring of protection from cold
Wands
 I - a wand of charming (6)
 L - a wand of iceblast (8)
 T - a wand of digging (7)
 V - a wand of polymorph (7)
 Z - a wand of acid (8)
Scrolls
 a - 13 scrolls of teleportation
 b - 4 scrolls of fog
 d - a scroll of silence
 g - 3 scrolls of vulnerability
 l - a scroll of summoning
 p - a scroll of enchant armour
 C - 3 scrolls of blinking
 D - 2 scrolls of poison
 M - a scroll of magic mapping
 O - 7 scrolls of fear
 Q - 4 scrolls of immolation
 X - a scroll of amnesia
 Y - 2 scrolls of torment
Potions
 c - 2 potions of resistance
 e - 6 potions of haste
 f - 12 potions of curing
 j - 3 potions of berserk rage
 n - 5 potions of attraction
 q - a potion of mutation {unknown}
 u - 2 potions of heal wounds {unknown}
 z - 4 potions of lignification
 G - 2 potions of cancellation
 H - a potion of brilliance
 K - 2 potions of flight
 P - 3 potions of invisibility
 S - 4 potions of might


   Skills:
 - Level 12.0 Fighting
 - Level 8.0 Dodging
 - Level 4.5 Stealth
 + Level 17.4 Unarmed Combat
 - Level 4.0 Spellcasting
 - Level 6.0 Translocations
 - Level 3.0 Evocations


You had 3 spell levels left.
You knew the following spells:

 Your Spells              Type           Power      Damage    Failure   Level
a - Sting                 Tmut/Pois      16%        1d3       12%         1
b - Kindle Blastsparks    Fire/Tloc/Air  42%        2d13      16%         3
c - Manifold Assault      Tloc           33%        N/A       10%         4
d - Mephitic Cloud        Conj/Pois/Air  4%         N/A       34%         3
e - Ignite Poison         Fire/Tmut/Pois 7%         N/A       34%         3
f - Olgreb's Toxic Radia  Pois           4%         N/A       75%         4

Your spell library contained the following spells:

 Spells                   Type           Power      Damage    Failure   Level
 Magic Dart               Conj           16%        1d3       12%         1
 Call Imp                 Summ           4%         N/A       17%         2
 Poisonous Vapours        Pois/Air       8%         N/A       17%         2
 Ozocubu's Armour         Ice            4%         N/A       34%         3
 Stone Arrow              Conj/Erth      8%         3d7       34%         3
 Animate Armour           Summ/Erth      8%         N/A       75%         4
 Dispersal                Tloc           16%        N/A       83%         6
 Freezing Cloud           Conj/Ice/Air   2%         6-21      97%         5
 Metabolic Englaciation   Hex/Ice        2%         N/A       97%         5
 Simulacrum               Ice/Necr       2%         N/A       100%        6
 Ozocubu's Refrigeration  Ice            2%         4d7       100%        7
 Disjunction              Tloc           16%        N/A       100%        8
 Lehudib's Crystal Spear  Conj/Erth      2%         10d2      100%        8
 Polar Vortex             Ice            2%         N/A       100%        9


Dungeon Overview and Level Annotations

Branches:
Dungeon (14/15)            Temple (0/1) D:4            Lair (5/5) D:11
 Shoals (0/4) Lair:2        Snake (0/4) Lair:2        Slime (0/5) Lair:4
    Orc (2/2) D:11            Elf (0/3) Orc:2         Sewer (visited)
Ossuary (visited)           IceCv (visited)
 Vaults: D:13-14

Shops:
D:2 =   D:12 *   Orc:2 ?**=(

Portals:
Pandemonium: Orc:2

Annotations:
D:9 2 transporters, scionoferis's ghost, journeyman KoSu
D:11 3 runed translucent doors, Scypho's ghost, journeyman DsGl; arthad's ghost, journeyman GnEE; greenreed's ghost, journeyman MiFi; purpskrrrp's ghost, journeyman FoHu; sirJeffrey23's ghost, novice DrFE
Lair:1 Erica
Lair:2 exclusion: oklob plant
Lair:5 Rupert


Innate Abilities, Weirdness & Mutations

You have an increased reservoir of magic. (+10% MP)
You shall have no god before yourself.
Your divine heritage dramatically boosts your attributes as you level up.


Message History

Unknown command.
Unknown command.
Unknown command.
Unknown command.
The tarantella completely misses you. The four-headed hydra misses you.
The four-headed hydra barely misses you.
The four-headed hydra completely misses you.
The four-headed hydra bites you! The tarantella completely misses you.
In your confused state, you trip and fall back down the stairs.
The four-headed hydra misses you. The four-headed hydra bites you!
The four-headed hydra closely misses you.
The four-headed hydra barely misses you.
The tarantella touches you but does no damage.
The red ugly thing basks in the mutagenic energy from its kin and changes!
The white ugly thing barely misses you.
Unknown command.
Unknown command.
Unknown command.
The tarantella barely misses you. The four-headed hydra misses you. x3
The four-headed hydra closely misses you.
The tarantella touches you but does no damage.
The white ugly thing headbutts you. The white ugly thing freezes you!!
You feel a terrible chill!
You climb upwards.
There is a stone staircase leading down here.
Unknown command.
Unknown command.
Unknown command.
Unknown command.
You feel less confused. The four-headed hydra bites you.
The four-headed hydra bites you but does no damage.
The four-headed hydra completely misses you.
The four-headed hydra misses you. The tarantella closely misses you.
Unknown command.
Unknown command.
The white ugly thing attacks as you move away!
The white ugly thing headbutts you! The white ugly thing freezes you!!!
You feel a terrible chill!
You die...

..#..#.....#........#...#........
###..#.....#######..#...#........
.....'.....'..'..'..#...#........
..####.....#..#..#..#...#........
###..#.....#..####......#........
)....#.....#.....#......#........
..#..####..#.....#......#........
###.....#..#..#'#####...#........
........#..#..#.@D..#...#........
........#..#..#.su..#...#........
..#############..####...#........
<.#........'..#..#..#...#####+###
..#........#..#..#..#......#.....
..#######'#####(##'######..#.....
...........#....>...'......#.....
...........#........#......#.....
#################################


You could see a four-headed hydra, a white ugly thing and a tarantella.

Vanquished Creatures
  Kirke (D:13)
  A reaper (IceCv)
  A hydra (Lair:3)
  A centaur warrior (D:13)
  2 demonspawn (Orc:2)
  3 two-headed ogres
  2 boulder beetles
  3 death yaks (D:11)
  4 orc high priests (Orc:2)
  6 orc knights
  4 cyclopes
  A wolf spider (Lair:2)
  3 ugly things
  9 orc sorcerers
  A manticore (D:13)
  A rust devil (Orc:2)
  A merfolk siren (Lair:2)
  2 black mambas
  2 ice statues (IceCv)
  2 gargoyles
  6 cane toads
  3 komodo dragons
  2 kobold demonologists (D:12)
  An unseen horror (D:12)
  4 anaconda simulacra (IceCv)
  4 rime drakes
  An efreet (D:13)
  2 hellwings (Orc:2)
  6 ice devils (IceCv)
  2 red devils (Orc:2)
  5 trolls
  A meliai (D:8)
  2 hornets
  Prince Ribbit (D:7)
  17 blink frogs
  10 slime creatures
  4 dire elephant simulacra (IceCv)
  3 shadows
  3 wyverns
  6 wraiths
  Eustachio (D:4)
  A vampire (D:10)
  24 yaks
  2 basilisks
  5 hogs (D:13)
  2 steam dragons
  7 vampire mosquitoes
  3 wargs
  A harpy simulacrum (IceCv)
  4 nagas (Lair:2)
  10 water moccasins
  2 acid dragons
  A hydra simulacrum (IceCv)
  An ice beast (D:6)
  34 orc warriors
  A sky beast (D:6)
  2 black bears
  18 wolves
  10 ogres
  2 centaurs
  A phantom (D:6)
  4 kobold brigands
  10 bullfrogs
  A necrophage (D:7)
  A gnoll sergeant (D:13)
  2 scorpions
  A cane toad simulacrum (IceCv)
  11 wights
  An elephant simulacrum (IceCv)
  10 killer bees
  5 howler monkeys
  4 hounds
  26 orc priests
  3 gnoll boudas
  2 jellies (Lair:4)
  3 iguanas
  14 orc wizards
  8 hell rats
  A mummy (Ossuary)
  19 gnolls
  3 river rats
  8 adders
  A shadow imp (D:5)
  2 white imps
  An ufetubus (IceCv)
  2 worms
  8 dart slugs (D:3)
  89 orcs
  16 ball pythons
  3 bats
  9 endoplasms
  7 giant cockroaches
  8 goblins
  4 hobgoblins
  2 jackals (D:3)
  11 quokkas
  12 frilled lizards
  6 gnoll skeletons (Ossuary)
  20 kobolds
  5 kobold skeletons (Ossuary)
  14 orc skeletons (Ossuary)
  6 rats
628 creatures vanquished.

Vanquished Creatures (collateral kills)
  A wight (D:8)
1 creature vanquished.

Vanquished Creatures (others)
  3 wights
  A bush (D:8)
  19 fungi
  13 plants
  5 toadstools (D:8)
41 creatures vanquished.

Grand Total: 670 creatures vanquished

Notes
Turn   | Place    | Note
-------+----------+-------------------------------------------
     0 | D:5      | drugrobin the Demigod Delver began the quest for the Orb.
     0 | D:5      | Reached XP level 1. HP: 18/18 MP: 3/3
     7 | D:5      | Noticed an ogre
    25 | D:5      | Noticed a black bear
    57 | D:5      | Noticed a scorpion
    76 | D:5      | Found a glowing drain.
   118 | D:5      | Reached skill level 2 in Unarmed Combat
   140 | Sewer    | Entered a sewer
   178 | Sewer    | Reached XP level 2. HP: 24/25 MP: 4/4
   190 | Sewer    | Reached skill level 3 in Unarmed Combat
   412 | Sewer    | Reached XP level 3. HP: 30/30 MP: 5/5
   587 | Sewer    | Noticed a bullfrog
   587 | Sewer    | Noticed a bullfrog
   626 | D:6      | Reached skill level 4 in Unarmed Combat
   626 | D:6      | Reached XP level 4. HP: 11/37 MP: 6/6
   860 | D:6      | Noticed a sky beast
   864 | D:5      | Noticed an ogre
  1726 | D:1      | Learned a level 1 spell: Sting
  2421 | D:2      | Found Konoa's Jewellery Shoppe.
  2509 | D:2      | Reached skill level 5 in Unarmed Combat
  2630 | D:2      | Reached XP level 5. HP: 42/42 MP: 7/7
  3822 | D:4      | Reached skill level 6 in Unarmed Combat
  3911 | D:4      | Reached XP level 6. HP: 50/50 MP: 8/8
  3947 | D:4      | Found a staircase to the Ecumenical Temple.
  3977 | D:4      | Noticed Eustachio
  4687 | D:4      | Killed Eustachio
  4688 | D:4      | Reached skill level 7 in Unarmed Combat
  4688 | D:4      | Reached XP level 7. HP: 46/56 MP: 9/9
  4957 | D:5      | Reached skill level 8 in Unarmed Combat
  5755 | D:5      | Reached skill level 9 in Unarmed Combat
  5830 | D:6      | Noticed a steam dragon
  5853 | D:6      | Reached XP level 8. HP: 56/62 MP: 10/10
  5963 | D:5      | Reached skill level 10 in Unarmed Combat
  6403 | D:6      | Noticed a spectral centipede
  6403 | D:6      | Noticed a spectral black mamba
  6703 | D:7      | Reached skill level 1 in Evocations
  6741 | D:7      | Reached skill level 11 in Unarmed Combat
  6995 | D:7      | Found a sand-covered staircase.
  7001 | Ossuary  | Entered an ossuary
  7121 | Ossuary  | Reached XP level 9. HP: 58/68 MP: 11/11
  7262 | D:7      | Noticed Prince Ribbit
  7309 | D:7      | Killed Prince Ribbit
  8031 | D:8      | Noticed a boulder beetle
  8136 | D:8      | Reached skill level 12 in Unarmed Combat
  8692 | D:8      | Noticed a cyclops
  8742 | D:8      | Killed a cyclops
  8764 | D:8      | Killed a boulder beetle
  8765 | D:8      | Reached skill level 13 in Unarmed Combat
  8765 | D:8      | Reached XP level 10. HP: 25/74 MP: 2/13
  9293 | D:9      | Found a transporter.
  9298 | D:9      | Noticed a deep troll
  9298 | D:9      | Noticed scionoferis's ghost (journeyman KoSu)
  9300 | D:9      | Noticed a two-headed ogre
  9308 | D:9      | Found a transporter.
  9312 | D:9      | Noticed a moth of wrath
 10025 | D:9      | Reached skill level 14 in Unarmed Combat
 10705 | D:9      | Identified a scroll of acquirement
 10706 | D:9      | Acquired 639 gold pieces
 10731 | D:10     | Entered Level 10 of the Dungeon
 10930 | D:10     | Noticed a two-headed ogre
 10947 | D:10     | Killed a two-headed ogre
 11120 | D:10     | Noticed a two-headed ogre
 11149 | D:10     | Killed a two-headed ogre
 11314 | D:10     | Learned a level 3 spell: Kindle Blastsparks
 11465 | D:10     | Reached skill level 5 in Fighting
 11727 | D:11     | Reached XP level 11. HP: 53/88 MP: 14/14
 11854 | D:11     | Found a staircase to the Orcish Mines.
 11976 | D:11     | Reached skill level 5 in Dodging
 12148 | D:11     | Noticed a death yak
 12193 | D:11     | Killed a death yak
 12194 | D:11     | Reached skill level 1 in Translocations
 12292 | D:11     | Found a runed translucent gate.
 12296 | D:11     | Found a staircase to the Lair.
 12305 | D:11     | Noticed a death yak
 12340 | D:11     | Noticed a death yak
 12345 | D:11     | Killed a death yak
 12365 | D:11     | Killed a death yak
 12612 | D:11     | Found a runed translucent gate.
 12612 | D:11     | Found a runed translucent gate.
 12613 | D:11     | Noticed Scypho's ghost (journeyman DsGl)
 12613 | D:11     | Noticed arthad's ghost (journeyman GnEE)
 12613 | D:11     | Noticed sirJeffrey23's ghost (novice DrFE)
 12613 | D:11     | Noticed greenreed's ghost (journeyman MiFi)
 12613 | D:11     | Noticed purpskrrrp's ghost (journeyman FoHu)
 13508 | Lair:1   | Entered Level 1 of the Lair of Beasts
 13992 | Lair:1   | Noticed Erica
 14056 | Lair:1   | You fall into a shaft and drop 1 floor!
 14114 | Lair:2   | Found a staircase to the Shoals.
 15182 | Lair:1   | Reached XP level 12. HP: 101/101 MP: 15/15
 15922 | Lair:2   | Found a staircase to the Snake Pit.
 16645 | Lair:3   | Noticed an eight-headed hydra
 16942 | Lair:3   | Found a frozen archway.
 16948 | IceCv    | Entered an ice cave
 16977 | IceCv    | Learned a level 4 spell: Manifold Assault
 17287 | IceCv    | Reached skill level 15 in Unarmed Combat
 18530 | IceCv    | Reached skill level 5 in Translocations
 18676 | IceCv    | Noticed a reaper
 18694 | IceCv    | Killed a reaper
 18731 | IceCv    | Got Guinwof's Anthology of Congelation
 19163 | Lair:3   | Killed an eight-headed hydra
 20421 | Lair:4   | Found a staircase to the Slime Pits.
 20618 | Lair:4   | Reached skill level 1 in Spellcasting
 20882 | Lair:4   | Reached XP level 13. HP: 90/113 MP: 2/18
 20887 | Lair:4   | Reached skill level 10 in Fighting
 21633 | Lair:5   | Entered Level 5 of the Lair of Beasts
 21633 | Lair:5   | Noticed Rupert
 21750 | Orc:1    | Entered Level 1 of the Orcish Mines
 21877 | D:11     | Learned a level 3 spell: Mephitic Cloud
 21881 | D:11     | Learned a level 3 spell: Ignite Poison
 22560 | Orc:2    | Entered Level 2 of the Orcish Mines
 22877 | Orc:2    | Found a staircase to the Elven Halls.
 22909 | Orc:2    | Found Jusiseibif's Magic Scroll Shop.
 22999 | Orc:2    | Bought a scroll of noise for 13 gold pieces
 22999 | Orc:2    | Bought a scroll of torment for 123 gold pieces
 23786 | Orc:2    | Reached skill level 16 in Unarmed Combat
 24044 | Orc:2    | Found Budgheof's General Store.
 24131 | Orc:2    | Found Urorior's General Store.
 24416 | Orc:2    | Bought a +1 cloak of preservation for 247 gold pieces
 24462 | Orc:2    | Learned a level 4 spell: Olgreb's Toxic Radiance
 25533 | Orc:2    | Paralysed by an orc sorcerer for 5 turns
 26057 | Orc:2    | Found Qeiduc's Jewellery Shoppe.
 26057 | Orc:2    | Found Keaf's Antique Weapon Emporium.
 26058 | Orc:2    | Found a one-way gate leading to the halls of Pandemonium.
 26060 | Orc:2    | Bought an amulet of regeneration for 390 gold pieces
 26100 | Orc:2    | Bought the ring "Jiwkin" {rF+ EV+4 Str+2 Int+4 Dex-4} for
                  | 704 gold pieces
 26398 | D:12     | Found Mogal's General Store.
 27177 | D:13     | Noticed Kirke
 27234 | D:13     | Killed Kirke
 27235 | D:13     | Reached skill level 17 in Unarmed Combat
 27235 | D:13     | Reached XP level 14. HP: 80/126 MP: 10/24
 28774 | D:13     | Mangled by a white ugly thing

Illustrated notes

Levels and vault maps discovered:
D:1:      minmay_arrival_loop, layout_basic, hellmonk_ecumenical_altar_zigzags,
          wander_ebering_terrifying_dragon_lair
D:2:      layout_loops_cross, serial_shops, shop
D:3:      kennysheep_slugbush, layout_basic
D:4:      layout_loops_corners, minmay_temple_entry_poolview,
          hangedman_abyss_or_decor_stabs, nrook_mini_backslash, uniq_eustachio
D:5:      layout_rooms, general_overflow_altar, kennysheep_okawaru_gauntlet,
          gup_sewer_entry_spiral
D:6:      layout_loops_ring, mainiacjoe_overflow_boulevard,
          pdpol_wu_jian_five_deadly_venoms
D:7:      layout_cave_pools, lemuel_round_altar,
          minmay_overflow_temple_star_quad, nicolae_ossuary_entry_plus,
          uniq_prince_ribbit1
D:8:      layout_rooms, kennysheep_mini, minmay_gold_behind_fungi,
          kennysheep_flooded_box, serial_park_tiny_2, grunt_ministairs_8,
          dreamdust_deal_with_the_devil, kb_rosetta
D:9:      layout_long_grid, fedhas_altar_3, nicolae_hepliaklqana_hazy_memory,
          gammafunk_ghost_wrathful_warriors, lemuel_flamethrower_2
D:10:     layout_basic
D:11:     layout_basic, dpeg_lair_monsters, david_orc_5,
          gammafunk_ghost_cemetery
D:12:     layout_irregular_city, serial_shops, nicolae_diamond_shop
D:13:     layout_grid_maze, uniq_kirke
D:14:     layout_long_grid, david_vaults_4, minmay_misc_feat_rows, serial_shops,
          shop
Lair:1:   layout_misc_corridors, uniq_erica
Lair:2:   minmay_lair_oklob_chamber, layout_gridlike,
          minmay_shoals_entry_lonely_mermaid, guppyfry_snake_entry_island,
          nicolae_lair_run_with_the_wolves
Lair:3:   layout_cave_pods, portal_ice_cave_entry_pillars_1, lemuel_fruit_fields
Lair:4:   layout_gridlike, minmay_slime_entry_pillars, grunt_megastairs_4
Lair:5:   gammafunk_lair_ancient_temple, layout_regular_city, uniq_rupert
Orc:1:    layout_caves, basic_altar, nicolae_orc_rockfall, minmay_orc_temple_a
Orc:2:    pf_orc_diabolical, layout_caves, serial_shops, shop

Skill      XL: |  1  2  3  4  5  6  7  8  9 10 11 12 13 |
---------------+----------------------------------------+-----
Unarmed Combat | 2 3 4 5 6 7 9 11 13 14 15 17 | 17.4
Evocations     | 2 3 |  3.0
Fighting       | 5 7 9 12 | 12.0
Dodging        | 4 7 8 |  8.0
Translocations | 3 6 |  6.0
Spellcasting   | 1 4 |  4.0
Stealth        | |  4.5

Action                   |  1- 3 |  4- 6 |  7- 9 | 10-12 | 13-15 || total
-------------------------+-------+-------+-------+-------+-------++-------
Melee: Unarmed           |   124 |   292 |   368 |   934 |   654 ||  2372
       Punch             |     3 |     9 |    25 |   105 |    89 ||   231
Throw: Boomerang         |       |     5 |    58 |    89 |    61 ||   213
       Dart              |       |     6 |    15 |    17 |     1 ||    39
       Throwing net      |       |       |       |     4 |       ||     4
 Cast: Sting             |       |     8 |    11 |    48 |    35 ||   102
       Kindle Blastspark |       |       |       |    32 |    10 ||    42
       Manifold Assault  |       |       |       |     7 |    11 ||    18
       Mephitic Cloud    |       |       |       |       |    46 ||    46
       Ignite Poison     |       |       |       |       |    16 ||    16
       Olgreb's Toxic Ra |       |       |       |       |     6 ||     6
Evoke: Wand              |     3 |       |    10 |     1 |     3 ||    17
  Use: Potion            |     4 |       |     1 |     1 |       ||     6
       Scroll            |     4 |       |     1 |    15 |     5 ||    25
 Stab: Sleeping          |     2 |    23 |     1 |     3 |     1 ||    30
       Distracted        |       |       |     2 |     2 |     1 ||     5
       Held in net/web   |       |       |       |    10 |       ||    10
       Confused          |       |       |       |       |    32 ||    32
Armor: Leather armour    |    36 |    92 |    90 |   154 |    99 ||   471
       Ice dragon scales |       |       |       |     4 |       ||     4
       Skin              |       |       |       |     2 |       ||     2
Dodge: Dodged            |    89 |   170 |   338 |   668 |   417 ||  1682

Table legend: (Time is in decaauts)
 A = Elapsed time spent in this place.
 B = Non-inter-level travel time spent in this place.
 C = Inter-level travel time spent in this place.
 D = Time resting spent in this place.
 E = Time spent auto-exploring this place.
 F = Levels seen in this place.
 G = Mean time per level.
                   A        B        C        D        E       F      G
               +--------+--------+--------+--------+--------+-----+--------+
         Total |  28345 |  26985 |   1360 |   3037 |  16035 |  24 | 1181.0 |
       Dungeon |  15674 |  14711 |    963 |   1553 |   8652 |  14 | 1119.6 |
          Lair |   6043 |   5716 |    327 |    318 |   4086 |   5 | 1208.6 |
  Orcish Mines |   3906 |   3838 |     68 |    657 |   1968 |   2 | 1953.0 |
         Sewer |    482 |    482 |      0 |      0 |    188 |   1 |  482.0 |
       Ossuary |    204 |    204 |      0 |      0 |     51 |   1 |  204.0 |
      Ice Cave |   2033 |   2033 |      0 |    508 |   1089 |   1 | 2033.0 |
               +--------+--------+--------+--------+--------+-----+--------+

Top non-repeatable levels by time:
   Orc:2: 3281 daAuts
    D:11: 2334 daAuts
  Lair:2: 2040 daAuts
   IceCv: 2033 daAuts
     D:8: 1684 daAuts
    D:13: 1610 daAuts
  Lair:3: 1566 daAuts
  Lair:4: 1404 daAuts
     D:4: 1358 daAuts
     D:7: 1268 daAuts
     D:5: 1090 daAuts
  Lair:1: 1031 daAuts
     D:3: 1019 daAuts
     D:1: 979 daAuts
     D:9: 954 daAuts
